 Dungeon Sprint DCSS version 0.25-a0-413-g3b4b6a4ccc (webtiles) character file.

Game seed: 5438969652349070914, levelgen mode: deterministic

445 wilfster70 the Fighter (level 7, 35/50 HPs)
             Began as a Gargoyle Berserker on Jan 15, 2020.
             Was an Initiate of Okawaru.
             Quit the game in the Dungeon (Sprint I: "Red Sonja").
             The game lasted 00:02:03 (446 turns).

wilfster70 the Fighter (Gargoyle Berserker)          Turns: 446, Time: 00:02:04

Health: 35/50      AC:  8    Str: 22    XL:     7   Next: 3%
Magic:  7/7        EV: 14    Int:  8    God:    Okawaru [......]
Gold:   62         SH:  0    Dex:  9    Spells: 6/6 levels left

rFire    . . .     SeeInvis .   e - +2 trident (vamp)
rCold    . . .     Gourm    .   (no shield)
rNeg     + . .     Faith    .   k - +0 leather armour
rPois    ∞         Spirit   .   (no helmet)
rElec    +         Reflect  .   (no cloak)
rCorr    .         Harm     .   (no gloves)
MR       .....     NoTele   +   (no boots)
Stlth    +.........             (no amulet)
HPRegen  0.16/turn              (no ring)
MPRegen  0.10/turn              (no ring)

@: no status effects
A: negative energy resistance 1, electricity resistance, unbreathing,
petrification resistance, rot immunity, AC +4
a: Renounce Religion


You were in the Dungeon.
You worshipped Okawaru.
Okawaru was noncommittal.
You were very hungry.

You visited 1 branch You collected 309 gold pieces.
You spent 247 gold pieces at shops.

Inventory:

Hand Weapons
 a - a +0 mace
 e - a +2 vampiric trident (weapon)
Armour
 b - a +0 animal skin
 k - a +0 leather armour (worn)
Scrolls
 i - a scroll of blinking
Potions
 d - a potion of curing
 f - a potion of haste
 g - 2 potions of magic
 h - a potion of berserk rage
Comestibles
 c - a ration


   Skills:
 + Level 8.6 Fighting
 - Level 7.9 Maces & Flails
 + Level 0.0 Polearms
 + Level 8.2 Armour
 + Level 6.2 Dodging


You had 6 spell levels left.
You didn't know any spells.
Your spell library was empty.

Dungeon Overview and Level Annotations

Branches:
Dungeon (1/1)

Altars:
Cheibriados
Dithmenos
Elyvilon
Fedhas
Gozag
Hepliaklqana
Kikubaaqudgha
Nemelex Xobeh
Okawaru
Qazlal
Ru
Sif Muna
Trog
Uskayaw
Vehumet
Wu Jian
Yredelemnul
Zin
The Shining One

Shops:
D (


Innate Abilities, Weirdness & Mutations

You are resistant to torment.
Your stone body is resilient. (AC +4)
You are immune to poison.
You resist negative energy. (rN+)
You are resistant to electric shocks. (rElec)
You can survive without breathing.
You are immune to petrification.
You are immune to rotting.


Message History

There is an entrance to Kamanata's Weapon Emporium here.
e - a +2 vampiric trident Thank you for shopping at Kamanata's Weapon Emporium!
You feel a sense of dread.
e - a +2 vampiric trident (weapon)
Setting a skill training target for Polearms at 14.0.
There is an iron altar of Okawaru here.
There is an entrance to Kamanata's Weapon Emporium here.
There is a hide-covered altar of Uskayaw here.
There is a sparkling altar of Nemelex Xobeh here.
There is a hide-covered altar of Uskayaw here.
There is an opulent altar of Gozag here.
There is a snail-covered altar of Cheibriados here.
There is a sacrificial altar of Ru here.
There is an iron altar of Okawaru here.
You kneel at the altar of Okawaru.
You have lost your religion!
Trog does not appreciate desertion!
Okawaru welcomes you!
Are you sure you want to abandon this character and quit the game? (Confirm with "yes".)

################
#<.#..)..#..'..#
#..)..#..').#..+
#..#####'#####'#
#..####..#...#)#
#..#__####..##.#
#..#_@___##'#_.+
#⌠⌠#_.∩...'..._#
####_..__##_.#+#
#_____###+#
#######


There were no monsters in sight!

Vanquished Creatures
  Sigmund (D)
  A yak (D)
  An ogre (D)
  A jelly (D)
  Ijyb (D)
5 creatures vanquished.

Notes
Turn   | Place    | Note
-------+----------+-------------------------------------------
     0 | D        | wilfster70 the Gargoyle Berserker began the quest for the
                  | Orb.
     0 | D        | Reached XP level 1. HP: 14/14 MP: 1/1
     1 | D        | Noticed Ijyb
     7 | D        | Killed Ijyb
     7 | D        | Reached XP level 2. HP: 20/20 MP: 2/2
     7 | D        | Reached XP level 3. HP: 24/24 MP: 3/3
    58 | D        | Noticed an ogre
    62 | D        | Killed an ogre
    62 | D        | Reached skill level 5 in Maces & Flails
    62 | D        | Reached skill level 5 in Armour
    62 | D        | Reached XP level 4. HP: 32/32 MP: 4/4
   121 | D        | Noticed Sigmund
   127 | D        | Killed Sigmund
   127 | D        | Reached ** piety under Trog
   127 | D        | Reached skill level 5 in Dodging
   127 | D        | Reached XP level 5. HP: 38/38 MP: 5/5
   127 | D        | Reached XP level 6. HP: 44/44 MP: 6/6
   168 | D        | Found a shimmering blue altar of Sif Muna.
   169 | D        | Found an ornate altar of the Wu Jian Council.
   170 | D        | Found a radiant altar of Vehumet.
   175 | D        | HP: 1/44 [acid (10)]
   393 | D        | Found Kamanata's Weapon Emporium.
   393 | D        | Found an ancient bone altar of Kikubaaqudgha.
   393 | D        | Found a hazy altar of Hepliaklqana.
   393 | D        | Found a stormy altar of Qazlal.
   393 | D        | Found a hide-covered altar of Uskayaw.
   393 | D        | Found a blossoming altar of Fedhas.
   393 | D        | Found a bloodstained altar of Trog.
   393 | D        | Found an iron altar of Okawaru.
   393 | D        | Found a basalt altar of Yredelemnul.
   393 | D        | Found a glowing golden altar of the Shining One.
   393 | D        | Found a snail-covered altar of Cheibriados.
   393 | D        | Found a sacrificial altar of Ru.
   393 | D        | Found a glowing silver altar of Zin.
   393 | D        | Found a shadowy altar of Dithmenos.
   393 | D        | Found a white marble altar of Elyvilon.
   393 | D        | Noticed a yak
   411 | D        | Killed a yak
   411 | D        | Reached XP level 7. HP: 30/50 MP: 7/7
   413 | D        | Found an opulent altar of Gozag.
   427 | D        | Found a sparkling altar of Nemelex Xobeh.
   431 | D        | Bought a +2 vampiric trident for 247 gold pieces
   445 | D        | Fell from the grace of Trog
   445 | D        | Became a worshipper of Warmaster Okawaru
   446 | D        | Quit the game

Levels and vault maps discovered:
D:        dungeon_sprint_1 [red_sonja_temple_1, red_sonja_temple_small_1]

Skill      XL: |  1  2  3  4  5  6 |
---------------+-------------------+-----
Fighting       | 4 6 7 8 |  8.6
Maces & Flails | 4 5 6 7 |  7.9
Armour         | 3 5 7 8 |  8.2
Dodging        | 2 4 5 6 |  6.2

Action                   |  1- 3 |  4- 6 |  7- 9 || total
-------------------------+-------+-------+-------++-------
Melee: Mace              |     8 |    29 |       ||    37
Invok: Berserk           |     2 |     2 |       ||     4
  Use: Potion            |       |     1 |       ||     1
  Eat: Chunk             |       |     1 |       ||     1
Armor: Animal skin       |     1 |       |       ||     1
       Leather armour    |       |     6 |       ||     6
Dodge: Dodged            |     3 |    16 |       ||    19

Table legend:
 A = Non-vault XP
 B = Vault XP
 C = Vault XP percentage of total XP
 D = Non-vault monster count
 E = Vault monster count
 F = Vault count percentage of total count
                 A         B        C        D         E       F
            +---------+---------+-------+---------+---------+-------
      Total |       0 |     636 | 100.0 |       0 |       5 | 100.0
            +---------+---------+-------+---------+---------+-------
          D |       0 |     636 | 100.0 |       0 |       5 | 100.0
            +---------+---------+-------+---------+---------+-------
